 Dungeon Crawl Stone Soup version 0.30-a0-782-ge64f9170bb (webtiles) character file.

Game seed: 17291658576051197835

710 Leeroy the Martial Artist (level 7, -11/43 HPs)
             Began as an Octopode Transmuter on Feb 22, 2023.
             Was an Initiate of Wu Jian.
             Mangled by an orc wizard
             ... wielding a +1 dagger of electrocution
              (17 damage)
             ... on level 5 of the Dungeon.
             The game lasted 00:05:44 (4421 turns).

Leeroy the Martial Artist (Octopode Transmuter)     Turns: 4421, Time: 00:05:45

Health: -11/43     AC:  9    Str:  9    XL:     7   Next: 68%
Magic:  10/10      EV: 13    Int: 18    God:    Wu Jian [......]
Gold:   265        SH:  0    Dex: 12    Spells: 2/10 levels left

rFire   . . .      SeeInvis .      - Unarmed
rCold   . . .      Faith    .    (no shield)
rNeg    . . .      Spirit   .    (helmet restricted)
rPois   .          Reflect  .    (no amulet)
rElec   .          Harm     .    e - +4 ring of protection
rCorr   .          Rampage  .    x - +4 ring of protection
Will    .....                    (no ring)
Stlth   ++                       (no ring)
HPRegen 0.27/turn                (no ring)
MPRegen 0.12/turn                (no ring)
                                 (no ring)
                                 (no ring)

@: no status effects
A: almost no armour, amphibious, 8 rings, camouflage 1, gelatinous body 1,
(nimble swimmer 1), tentacles
a: Renounce Religion


You were on level 5 of the Dungeon.
You worshipped Wu Jian.
Wu Jian was noncommittal.
You visited 1 branch of the dungeon, and saw 5 of its levels.
You also visited: Sewer.

You collected 265 gold pieces.

Inventory:

Missiles
 k - 3 poisoned darts
 p - 3 boomerangs of dispersal
Magical Staves
 l - a staff of conjuration
Jewellery
 e - a +4 ring of protection (left tentacle)
 x - a +4 ring of protection (right tentacle)
Wands
 o - a wand of mindburst (18)
 t - a wand of roots (5)
Scrolls
 b - 2 scrolls of immolation {unknown}
 d - 3 scrolls of teleportation {unknown}
 g - a scroll of noise {unknown}
 i - 3 scrolls of identify {unknown}
 m - a scroll of blinking {unknown}
 n - 2 scrolls of fear {unknown}
 q - a scroll of enchant armour {unknown}
 s - a scroll of magic mapping {unknown}
 v - a scroll of brand weapon {unknown}
 y - a scroll of enchant weapon {unknown}
Potions
 a - a potion of lignification
 c - a potion of brilliance {unknown}
 f - 3 potions of mutation {unknown}
 h - 5 potions of curing {unknown}
 j - a potion of heal wounds {unknown}
 r - a potion of berserk rage
 u - 2 potions of cancellation {unknown}
 w - a potion of flight {unknown}
 z - 2 potions of haste {unknown}


   Skills:
 - Level 1.0 Fighting
 - Level 2.0 Dodging
 + Level 8.6 Unarmed Combat
 - Level 2.0 Spellcasting
 - Level 2.0 Transmutations
 * Level 1.9 Poison Magic


You had 2 spell levels left.
You knew the following spells:

 Your Spells              Type           Power      Damage    Failure   Level
a - Beastly Appendage     Tmut           18%        N/A       8%          1
b - Spider Form           Tmut/Pois      8%         N/A       24%         3
c - Ice Form              Ice/Tmut       5%         N/A       75%         4

Your spell library contained the following spells:

 Spells                   Type           Power      Damage    Failure   Level
 Wereblood                Tmut           9%         N/A       12%         2
 Freeze                   Ice            4%         1d3       19%         1
 Shock                    Conj/Air       4%         1d3       19%         1
 Cigotuvi's Dreadful Rot  Necr/Pois/Air  8%         N/A       22%         2
 Frozen Ramparts          Ice            2%         1d1       47%         3
 Hailstorm                Conj/Ice       1%         3d3       47%         3
 Swiftness                Air            1%         N/A       47%         3
 Airstrike                Air            0%         2d(1-17)  87%         4
 Dispel Undead            Necr           1%         3d6       87%         4
 Death Channel            Necr           0%         N/A       100%        6


Dungeon Overview and Level Annotations

Branches:
Dungeon (5/15)              Sewer (visited)
 Temple: D:4-7

Altars:
Dithmenos
Wu Jian
Zin

Shops:
D:5 (


Innate Abilities, Weirdness & Mutations

You cannot wear most types of armour.
You are amphibious.
You can wear up to eight rings at the same time.
Your skin changes colour to match your surroundings (Stealth+).
Your rubbery body absorbs attacks. (AC +1, EV +1)
((You are camouflaged when in or above water. (Stealth+)))
You have tentacles for arms and can constrict up to eight enemies at once.


Message History

You tentacle-slap the orc but do no damage.
You squeeze the orc, but do no damage.
The orc is moderately wounded.
You constrict the orc, but do no damage.
You tentacle-slap the orc.
The orc is severely wounded.
You constrict the orc, but do no damage.
Something hits you but does no damage. The orc hits you but does no damage.
You bludgeon the orc!
You kill the orc!
The Council accepts your kill. Something hits you but does no damage.
You closely miss something.
You lunge at the orc.
You closely miss the orc. You grab the orc. You constrict the orc.
The orc barely misses you. The orc misses you.
You hear some strange, mumbled words.
A puff of flame appears from out of thin air!
The puff of flame hits you.
You tentacle-slap the orc.
You kill the orc!
The Council accepts your kill. Something hits you.
You are electrocuted!
The orc hits you but does no damage.
You are too injured to fight recklessly!
You are too injured to fight recklessly!
You are too injured to fight recklessly!
You are too injured to fight recklessly!
You are too injured to fight recklessly!
You are too injured to fight recklessly!
You are too injured to fight recklessly!
You closely miss the orc. You grab the orc.
You squeeze the orc, but do no damage. You constrict the orc.
You bludgeon the orc!
You kill the orc!
The Council accepts your kill. Something hits you but does no damage.
You are electrocuted!
* * * LOW HITPOINT WARNING * * *
You tentacle-slap something but do no damage.
You squeeze something. Something hits you but does no damage.
You are electrocuted!
You die...

#.#.# #.# ####.#.. ..
#.#.#### .#.# ....>
#......# .#.# #####
##.###.# .#.# #.# #.#
... #.# #.# ..#### #.#
#.# ..... #.# #.#
######).##### #.###.##
#....@)......
#......###.##{#.#.####
#####......##.....#
##........#.#.#
######.#.$...#
#......## ########


There were no monsters in sight!

Vanquished Creatures
  Pargi (Sewer)
  An ogre (D:5)
  A scorpion (D:5)
  2 hounds
  A jelly (D:4)
  3 orc priests (D:4)
  2 iguanas (D:5)
  3 orc wizards
  2 adders (D:2)
  A shadow imp (D:4)
  An ufetubus (D:3)
  2 worms
  25 orcs
  12 endoplasms
  5 giant cockroaches
  12 goblins
  4 hobgoblins
  2 jackals (D:4)
  A quokka (D:3)
  10 ball pythons
  11 bats
  5 frilled lizards
  7 kobolds
  6 rats
120 creatures vanquished.

Notes
Turn   | Place    | Note
-------+----------+-------------------------------------------
     0 | D:1      | Leeroy the Octopode Transmuter began the quest for the Orb.
     0 | D:1      | Reached XP level 1. HP: 13/13 MP: 3/3
   138 | D:1      | Reached XP level 2. HP: 18/18 MP: 5/5
   734 | D:2      | Reached skill level 4 in Unarmed Combat
   797 | D:2      | Reached XP level 3. HP: 21/23 MP: 6/6
   801 | D:2      | Learned a level 3 spell: Spider Form
  1043 | D:2      | Found a faded altar of an unknown god.
  1087 | D:2      | Reached XP level 4. HP: 12/28 MP: 7/7
  1732 | D:3      | Reached skill level 5 in Unarmed Combat
  1768 | D:3      | Found a glowing silver altar of Zin.
  2022 | D:3      | Found a shadowy altar of Dithmenos.
  2199 | D:3      | Found a glowing drain.
  2204 | Sewer    | Entered a sewer
  2235 | Sewer    | Noticed Pargi
  2250 | Sewer    | Killed Pargi
  2251 | Sewer    | Reached skill level 6 in Unarmed Combat
  2251 | Sewer    | Reached XP level 5. HP: 32/33 MP: 5/8
  2428 | D:4      | Reached XP level 6. HP: 23/38 MP: 9/9
  2700 | D:4      | Reached skill level 7 in Unarmed Combat
  3675 | D:4      | Reached XP level 7. HP: 39/43 MP: 6/10
  3867 | D:4      | Learned a level 4 spell: Ice Form
  3868 | D:5      | Entered Level 5 of the Dungeon
  3972 | D:5      | Found an ornate altar of the Wu Jian Council.
  3987 | D:5      | Became a worshipper of the Wu Jian Council
  4036 | D:5      | Reached skill level 8 in Unarmed Combat
  4046 | D:5      | Reached skill level 1 in Poison Magic
  4046 | D:5      | HP: 1/43 [ogre/+0 giant club (34)]
  4346 | D:5      | Found Obi Buif's Antique Weapon Boutique.
  4421 | D:5      | Mangled by an orc wizard

Illustrated notes

Levels and vault maps discovered:
D:1:      dpeg_arrival_subterranean_lakeside_camping, layout_basic
D:2:      layout_loops_ring, dreamdust_ecumenical_altar_angels_and_demons
D:3:      layout_rooms, lemuel_round_altar, zin_statuary, portal_sewer_entry_e
D:4:      nicolae_cairo_tiling_large, layout_basic, minmay_misc_feat_square,
          minmay_puff
D:5:      layout_loops_ring, mainiacjoe_overflow_chevrons, serial_glass,
          glass_columns_a, glass_columns_a, glass_columns_c, glass_columns_c,
          glass_columns_a, serial_shops, nicolae_shop_statue_plus

Skill      XL: |  1  2  3  4  5  6  7 |
---------------+----------------------+-----
Unarmed Combat | 4 6 7 8 |  8.6
Poison Magic   | 1 |  1.9
Fighting       | |  1.0
Dodging        | |  2.0
Spellcasting   | |  2.0
Transmutations | |  2.0

Action                     |  1- 3 |  4- 6 |  7- 9 || total
---------------------------+-------+-------+-------++-------
  Melee: Unarmed           |    74 |   179 |    48 ||   301
         Constrict         |    14 |    34 |     5 ||    53
         Tentacles         |     9 |    28 |     5 ||    42
         Punch             |     1 |     5 |     2 ||     8
         Kick              |       |     1 |       ||     1
   Cast: Spider Form       |       |     3 |     3 ||     6
         Beastly Appendage |       |     1 |       ||     1
Ability: Lunge             |       |       |     3 ||     3
   Stab: Sleeping          |    10 |     5 |     1 ||    16
 Armour: Skin              |    11 |    66 |     9 ||    86
  Dodge: Dodged            |    33 |   128 |    18 ||   179

Table legend: (Time is in decaauts)
 A = Elapsed time spent in this place.
 B = Non-inter-level travel time spent in this place.
 C = Inter-level travel time spent in this place.
 D = Time resting spent in this place.
 E = Time spent auto-exploring this place.
 F = Levels seen in this place.
 G = Mean time per level.
                   A        B        C        D        E       F      G
               +--------+--------+--------+--------+--------+-----+--------+
         Total |   4386 |   4284 |    102 |    713 |   2663 |   6 |  731.0 |
       Dungeon |   4275 |   4173 |    102 |    713 |   2613 |   5 |  855.0 |
         Sewer |    110 |    110 |      0 |      0 |     50 |   1 |  110.0 |
               +--------+--------+--------+--------+--------+-----+--------+

Top non-repeatable levels by time:
     D:4: 1265 daAuts
     D:2: 914 daAuts
     D:3: 852 daAuts
     D:1: 696 daAuts
     D:5: 546 daAuts
   Sewer: 110 daAuts
